 Dungeon Crawl Stone Soup version 0.25-a0-364-ge76b031 (webtiles) character file.

Game seed: 3911019669214603088, levelgen mode: deterministic

1201 Birdy the Chopper (level 8, -5/40 HPs)
             Began as a Vine Stalker Assassin on Jan 5, 2020.
             Was an Initiate of Wu Jian.
             Killed from afar by an orc wizard (6 damage)
             ... with a magic dart
             ... on level 6 of the Dungeon.
             The game lasted 00:12:30 (4049 turns).

Birdy the Chopper (Vine Stalker Assassin)           Turns: 4049, Time: 00:12:30

Health: -5/40      AC:  5    Str: 15    XL:     8   Next: 44%
Magic:  0/13       EV: 11    Int: 11    God:    Wu Jian [......]
Gold:   229        SH:  0    Dex: 15    Spells: 13/13 levels left

rFire    + . .     SeeInvis .   t - +0 battleaxe
rCold    + . .     Gourm    .   (shield currently unavailable)
rNeg     . . .     Faith    .   b - +0 robe
rPois    +         Spirit   +   l - +1 helmet
rElec    +         Reflect  .   e - +0 cloak {MR+}
rCorr    +         Harm     .   (no gloves)
MR       ++...                  (no boots)
Stlth    +++.......             (no amulet)
HPRegen  0.53/turn              (no ring)
MPRegen  0.13/turn              (no ring)

@: lethally poisoned (-5 -> -10), resistant, flying
A: fangs 3, blink, clumsy 1, sense surroundings 1, regeneration 1, screaming 1,
magic shield, antimagic bite, no potion heal 3, rot immunity
a: Blink, Renounce Religion


You were on level 6 of the Dungeon.
You worshipped Wu Jian.
Wu Jian was noncommittal.
You were hungry.

You visited 2 branches of the dungeon, and saw 7 of its levels.

You collected 229 gold pieces.

Inventory:

Hand Weapons
 t - a +0 battleaxe (weapon)
Missiles
 d - 20 poisoned darts (quivered)
 u - a curare-tipped dart
Armour
 b - a +0 robe (worn)
 c - a +0 cloak
 e - a +0 cloak of magic resistance (worn)
 l - a +1 helmet (worn)
 m - a cursed +0 leather armour
Jewellery
 j - an uncursed amulet of harm
Scrolls
 g - 6 scrolls of amnesia
 h - a scroll of blinking
 i - a scroll of identify
 n - 2 scrolls of enchant weapon
 o - 4 scrolls of remove curse
 s - a scroll of enchant armour
Potions
 p - 2 potions of resistance
Comestibles
 f - 11 rations


   Skills:
 + Level 3.0 Fighting
   Level 1.7 Short Blades
 + Level 7.9 Axes
 - Level 1.7 Throwing
 + Level 0.7 Dodging
 - Level 5.1 Stealth
 + Level 3.0 Spellcasting


You had 13 spell levels left.
You didn't know any spells.
Your spell library contained the following spells:

 Spells                   Type           Power        Failure   Level  Hunger
 Confusing Touch          Hex            #.....       26%         1    #......
 Confuse                  Hex            #.......     61%         3    ###....
 Gell's Gravitas          Tloc           #.........   61%         3    ###....
 Petrify                  Tmut/Erth      #.......     95%         4    #####..
 Metabolic Englaciation   Hex/Ice        #.........   100%        5    ######.
 Yara's Violent Unravell  Hex/Tmut       #.........   100%        5    ######.


Dungeon Overview and Level Annotations

Branches:
Dungeon (6/15)             Temple (1/1) D:5

Altars:
Ashenzari
Cheibriados
Dithmenos
Elyvilon
Fedhas
Hepliaklqana
Makhleb
Okawaru
Qazlal
Ru
Sif Muna
Trog
Uskayaw
Vehumet
Wu Jian
Xom
Yredelemnul
Zin
The Shining One


Innate Abilities, Weirdness & Mutations

You have razor-sharp teeth.
Your natural rate of healing is unusually fast.
When hurt, damage is shared between your health and your magic reserves.
Your bite disrupts and absorbs the magic of your enemies.
Potions cannot restore your health.
You are immune to rotting.
You can translocate small distances at will.
You are clumsy. (Dex -2)
You passively map a small area around you.
You occasionally shout uncontrollably at your foes.


Message History

You fly up into the air.
You feel sick.
The orc warrior hits you from afar with a +2 trident of venom.
* * * LOW HITPOINT WARNING * * *
You are lethally poisoned!
The orc closely misses you. The orc hits you but does no damage.
Okay, then.
You aren't carrying any items that you can evoke.
Unknown command.
You hit the orc priest.
The orc priest is lightly wounded.
You barely miss the orc. x2; You miss the orc wizard.
* * * LOW HITPOINT WARNING * * *
You feel sick.
The orc priest mumbles some strange prayers to Beogh against you.
You resist with almost no effort.
The orc warrior hits you from afar with a +2 trident of venom.
* * * LOW HITPOINT WARNING * * *
The orc wizard points at you and mumbles some strange words.
The magic dart hits you!
You die...

* #..# * * , ,
##.....##.# ,, ,
,#.......#.# , ,
,#.......#.##*,# * ,
,,#.......#..##.#####
* *#..... #........<#
* * #.o.###...#.###.#
#######o##...........
......o@o..#.#.#.#.#.
, ......o....#.#...#
#, ,
...........#.##..#
#######+##.#.# ..# **
* ,###.#*..#, * , *
,, #..,... , , ###, ,
, , * , * , , *,


You could see an orc warrior, an orc priest, an orc wizard and 2 orcs.

Vanquished Creatures
  Grinder (D:5)
  2 ogres (D:5)
  Blork the orc (D:4)
  A big kobold (D:5)
  A scorpion (D:5)
  A howler monkey (D:4)
  2 crimson imps (D:5)
  Crazy Yiuf (D:4)
  An orc priest (D:4)
  2 orc wizards (D:4)
  2 bullfrog skeletons
  Terence (D:3)
  2 iguanas
  3 worker ants
  2 hound skeletons
  A gnoll (D:1)
  6 adders
  A shadow imp (D:4)
  2 oozes
  5 worms
  A dart slug (D:1)
  5 leopard geckos
  13 orcs
  7 giant cockroaches
  9 goblins
  4 hobgoblins
  9 jackals
  18 kobolds
  7 quokkas
  3 ball pythons
  9 bats
  5 frilled lizards
  6 rats
134 creatures vanquished.

Notes
Turn   | Place    | Note
-------+----------+-------------------------------------------
     0 | D:1      | Birdy the Vine Stalker Assassin began the quest for the
                  | Orb.
     0 | D:1      | Reached XP level 1. HP: 11/11 MP: 2/2
    72 | D:1      | Reached skill level 5 in Stealth
    72 | D:1      | Reached skill level 1 in Spellcasting
    72 | D:1      | Reached XP level 2. HP: 12/15 MP: 2/4
   333 | D:1      | Reached XP level 3. HP: 19/19 MP: 4/6
   589 | D:2      | Gained mutation: Your natural rate of healing is unusually
                  | fast. [Vine Stalker growth]
   589 | D:2      | Reached XP level 4. HP: 21/23 MP: 6/8
   888 | D:2      | HP: 1/23 [worm (9)]
   960 | D:2      | You fall into a shaft and drop 1 floor!
  1033 | D:3      | Noticed Terence
  1043 | D:3      | Killed Terence
  1052 | D:3      | Reached skill level 1 in Axes
  1076 | D:3      | Reached XP level 5. HP: 26/28 MP: 7/10
  1534 | D:4      | Reached skill level 2 in Axes
  1967 | D:4      | Reached skill level 3 in Axes
  1967 | D:4      | Reached XP level 6. HP: 23/32 MP: 6/11
  2248 | D:4      | Reached skill level 4 in Axes
  2391 | D:4      | Noticed Blork the orc
  2410 | D:4      | Killed Blork the orc
  2410 | D:4      | Reached XP level 7. HP: 31/36 MP: 10/12
  2432 | D:4      | Reached skill level 5 in Axes
  2446 | D:4      | Found a shimmering blue altar of Sif Muna.
  2560 | D:4      | Found a runed translucent door.
  2561 | D:4      | Noticed Crazy Yiuf
  2645 | D:4      | Killed Crazy Yiuf
  2683 | D:5      | Entered Level 5 of the Dungeon
  2895 | D:5      | Found a staircase to the Ecumenical Temple.
  2952 | Temple   | Entered the Ecumenical Temple
  3143 | Temple   | Became a worshipper of the Wu Jian Council
  3250 | D:5      | Reached skill level 6 in Axes
  3305 | D:5      | Noticed Grinder
  3353 | D:5      | Gained mutation: You have razor-sharp teeth. [Vine Stalker
                  | growth]
  3353 | D:5      | Reached XP level 8. HP: 31/40 MP: 10/13
  3357 | D:5      | Reached skill level 7 in Axes
  3664 | D:5      | Paralysed by Grinder for 6 turns
  3687 | D:5      | Killed Grinder
  4007 | D:6      | Found an ornate altar of the Wu Jian Council.
  4015 | D:6      | Gained mutation: You are clumsy. (Dex -2) [potion of
                  | mutation]
  4015 | D:6      | Gained mutation: You occasionally shout uncontrollably at
                  | your foes. [potion of mutation]
  4015 | D:6      | Gained mutation: You can translocate small distances at
                  | will. [potion of mutation]
  4015 | D:6      | Gained mutation: You passively map a small area around you.
                  | [potion of mutation]
  4049 | D:6      | HP: 1/40 [orc warrior/+2 trident of venom (4)]
  4049 | D:6      | Killed from afar by an orc wizard

Levels and vault maps discovered:
D:1:      dpeg_arrival_rooms_c, layout_basic
D:2:      minmay_skewed_foursquare, layout_loops_ring,
          nemelex_xobeh_ov_fountains_minmay, first_ration
D:3:      layout_rooms, uniq_terence
D:4:      layout_cave_pools, tgw_sif, uniq_crazy_yiuf_cottage
D:5:      layout_loops_ring, minmay_temple_entry_glassed_door, uniq_grinder
D:6:      kennysheep_six_static_rooms, layout_basic, basic_altar
Temple:   dpeg_five_rooms_temple

Skill      XL: |  1  2  3  4  5  6  7  8 |
---------------+-------------------------+-----
Fighting       | 2 3 |  3.0
Stealth        | 5 |  5.1
Spellcasting   | 1 2 3 |  3.0
Axes           | 1 3 4 6 7 |  7.9
Short Blades   | |  1.7
Throwing       | |  1.7
Dodging        | |  0.7

Action                   |  1- 3 |  4- 6 |  7- 9 || total
-------------------------+-------+-------+-------++-------
Melee: Dagger            |    69 |   230 |   187 ||   486
       Bite              |    22 |    62 |    65 ||   149
       Battleaxe         |       |       |     6 ||     6
Throw: Dart              |       |    19 |     9 ||    28
Invok: Lunge             |       |       |     4 ||     4
  Use: Scroll            |     7 |     2 |     7 ||    16
       Potion            |       |     3 |     4 ||     7
 Stab: Sleeping          |    11 |    11 |     5 ||    27
       Distracted        |       |       |     1 ||     1
  Eat: Chunk             |       |     5 |     5 ||    10
Armor: Robe              |    10 |    66 |    46 ||   122
       Skin              |       |    33 |       ||    33
Dodge: Dodged            |    28 |   133 |    91 ||   252

Table legend:
 A = Non-vault XP
 B = Vault XP
 C = Vault XP percentage of total XP
 D = Non-vault monster count
 E = Vault monster count
 F = Vault count percentage of total count
                 A         B        C        D         E       F
            +---------+---------+-------+---------+---------+-------
      Total |    1285 |     431 |  25.1 |     129 |       5 |   3.7
            +---------+---------+-------+---------+---------+-------
        D:1 |      53 |       0 |   0.0 |      22 |       0 |   0.0
        D:2 |      56 |       1 |   1.8 |      24 |       1 |   4.0
        D:3 |      93 |      36 |  27.9 |      34 |       1 |   2.9
        D:4 |     360 |     132 |  26.8 |      19 |       2 |   9.5
        D:5 |     723 |     262 |  26.6 |      30 |       1 |   3.2
            +---------+---------+-------+---------+---------+-------
